Map: Romanticide LE

Players

Krystianer

  • Race: Protoss Protoss

MaNa - Winner!

  • Race: Protoss Protoss

Event: DreamHack SC2 Masters 2021 Fall

VOD

Have the link to the VOD?

Description

Time

  • Played on: Aug. 8, 2021, 10:21 a.m.
  • Length: 13:24

All games in this series

Show
View Real Time Build Order
Export as new Build Order

Krystianer Protoss 

Build Orders:  

Get SALT Encoding   

  12  0:00  Probe  
  13  0:12  Probe  
  14  0:16  Pylon  
  14  0:24  Probe (Chrono Boost)  
  16  0:36  Probe (Chrono Boost)  
  16  0:37  Gateway  
  16  0:43  Probe (Chrono Boost)  
  16  0:46  Assimilator  
  17  0:50  Probe  
  17  0:54  Assimilator  
  18  1:03  Probe (Chrono Boost)  
  19  1:07  Gateway  
  19  1:12  Probe (Chrono Boost)  
  19  1:17  Probe (Chrono Boost)  
  20  1:24  Cybernetics Core  
  21  1:29  Probe  
  22  1:34  Pylon  
  22  1:41  Probe  
  23  1:53  Probe  
  24  1:57  Warp Gate (Chrono Boost)  
  24  2:00  Adept x2  
  28  2:05  Probe  
  29  2:13  Pylon  
  29  2:30  Adept  
  29  2:31  Adept  
  29  2:34  Probe  
  33  2:47  Probe  
  34  2:59  Adept  
  34  3:01  Adept  
  38  3:06  Nexus  
  38  3:13  Pylon  
  38  3:21  Robotics Facility  
  38  3:38  Adept  
  40  3:42  Pylon  
  40  3:45  Shield Battery  
  40  4:00  Probe  
  41  4:05  Pylon  
  41  4:09  Observer  
  42  4:10  Sentry x2  
  42  4:12  Probe (Chrono Boost)  
  49  4:24  Probe (Chrono Boost)  
  49  4:27  Probe (Chrono Boost)  
  47  4:33  Probe (Chrono Boost)  
  47  4:34  Stalker x2  
  47  4:35  Probe (Chrono Boost)  
  51  4:42  Probe (Chrono Boost)  
  51  4:43  Probe (Chrono Boost)  
  53  4:47  Probe  
  53  4:48  Twilight Council  
  53  4:50  Probe  
  56  5:00  Probe  
  56  5:02  Probe  
  56  5:03  Stalker x2  
  59  5:12  Probe (Chrono Boost)  
  58  5:17  Probe (Chrono Boost)  
  55  5:24  Probe (Chrono Boost)  
  55  5:25  Forge, Blink  
  57  5:28  Stalker  
  57  5:31  Probe (Chrono Boost)  
  57  5:32  Probe (Chrono Boost)  
  60  5:45  Nexus  
  60  5:48  Probe  
  61  5:52  Pylon  
  61  5:53  Probe  
  62  6:01  Assimilator  
  62  6:02  Probe (Chrono Boost)  
  59  6:07  Stalker x2  
  59  6:08  Probe (Chrono Boost)  
  60  6:14  Probe (Chrono Boost)  
  56  6:20  Protoss Ground Weapons Level 1  
  56  6:22  Probe x2 (Chrono Boost)  
  57  6:29  Probe (Chrono Boost)  
  57  6:32  Probe (Chrono Boost)  
  59  6:35  Stalker  
  62  6:41  Probe (Chrono Boost)  
  62  6:46  Probe (Chrono Boost)  
  62  6:47  Observer  
  62  6:48  Probe (Chrono Boost)  
  65  6:57  Probe (Chrono Boost)  
  65  6:58  Gateway x2  
  65  7:00  Probe x2 (Chrono Boost)  
  67  7:02  Shield Battery  
  67  7:05  Probe (Chrono Boost)  
  70  7:09  Stalker, Probe (Chrono Boost)  
  70  7:11  Stalker  
  70  7:12  Probe x2 (Chrono Boost)  
  75  7:18  Probe  
  76  7:23  Probe  
  76  7:24  Probe  
  76  7:26  Charge (Chrono Boost)  
  78  7:30  Probe  
  78  7:32  Assimilator  
  78  7:35  Probe  
  78  7:36  Probe  
  81  7:38  Gateway  
  81  7:39  Gateway  
  81  7:42  Templar Archives, Probe  
  82  7:48  Gateway  
  82  7:50  Probe x2  
  84  7:52  Gateway  
  84  8:02  Pylon  
  84  8:09  Probe x2  
  84  8:11  Zealot x3  
  92  8:13  Robotics Facility  
  92  8:14  Pylon  
  92  8:18  Pylon  
  92  8:25  Probe  
  92  8:26  Probe  
  94  8:29  Nexus  
  94  8:32  Protoss Ground Weapons Level 2 (Chrono Boost), High Templar x4  
  101  8:35  Pylon  
  101  8:36  Archon  
  101  8:37  Pylon, Probe  
  102  8:41  Archon  
  95  8:49  Stalker x2  
  95  8:56  Probe x2  
  95  8:57  Zealot x2  
  95  8:58  Warp Prism (Chrono Boost)  
  95  8:59  Pylon  
  103  9:06  Photon Cannon  
  103  9:12  Pylon  
  103  9:13  Zealot x2  
  103  9:15  Probe x2  
  108  9:25  Stalker x2  
  108  9:27  Probe x2  
  108  9:28  Stalker  
  108  9:30  Probe  
  111  9:42  Zealot  
  111  9:43  Photon Cannon, Probe  
  111  9:44  Probe  
  111  9:45  Probe  
  116  9:49  High Templar x2  
  116  9:52  Gateway  
  120  9:53  Archon  
  120  9:54  Gateway  
  120  9:57  High Templar  
  120  9:59  High Templar, Zealot x3  
  130  10:00  Probe  
  130  10:02  Pylon  
  130  10:04  Archon, Zealot  
  133  10:13  Observer  
  131  10:27  Zealot x6  
  141  10:32  Pylon  
  141  10:34  Stalker x2  
  141  10:36  Protoss Ground Armor Level 1 (Chrono Boost), Probe  
  142  10:48  Zealot x7  
  147  10:50  Probe  
  147  10:54  Probe  
  147  10:56  Probe  
  133  10:57  Zealot x3  
  117  11:08  Zealot x3  
  117  11:09  Zealot x4  
  117  11:10  Probe  
  110  11:24  Warp Prism (Chrono Boost)  
  108  11:29  High Templar x4, Zealot  
  108  11:30  Zealot x5  
  130  11:32  Assimilator  
  130  11:35  Archon x2  
  130  11:40  Nexus  
  130  11:41  Pylon, Shield Battery  
  129  11:51  Stalker x6  
  131  11:59  Observer  
  131  12:01  Pylon, Probe  
  133  12:04  Zealot x4  
  139  12:17  Stalker x2  
  139  12:18  Stalker x3  
  139  12:22  Pylon  
  147  12:24  Probe  
  147  12:28  Probe  
  147  12:29  Pylon  
  131  12:34  Gateway  
  131  12:35  Gateway  
  129  12:43  Zealot x5  
  129  12:44  Zealot x4  
  133  12:45  Probe  
  133  12:47  Probe  
  117  13:00  Zealot x2  
  100  13:05  Zealot  
  100  13:06  Zealot x7  
  100  13:08  Probe  
Show
View Real Time Build Order
Export as new Build Order

MaNa Protoss - Winner!

Build Orders: Oracle Opening 

Get SALT Encoding   

  12  0:00  Probe  
  13  0:12  Probe  
  14  0:17  Pylon  
  14  0:24  Probe (Chrono Boost)  
  15  0:36  Gateway, Probe (Chrono Boost)  
  16  0:44  Probe (Chrono Boost)  
  16  0:46  Assimilator  
  17  0:51  Probe  
  18  1:03  Probe (Chrono Boost)  
  19  1:05  Assimilator  
  19  1:10  Gateway  
  19  1:12  Probe (Chrono Boost)  
  19  1:17  Probe (Chrono Boost)  
  20  1:25  Cybernetics Core  
  21  1:29  Probe  
  22  1:35  Pylon  
  22  1:41  Probe  
  23  2:00  Warp Gate (Chrono Boost)  
  23  2:01  Stalker x2  
  27  2:13  Pylon  
  27  2:31  Pylon, Stalker x2  
  30  2:46  Stargate  
  30  2:49  Probe  
  31  3:08  Nexus  
  31  3:12  Probe  
  32  3:19  Shield Battery  
  32  3:24  Probe  
  33  3:29  Oracle (Chrono Boost)  
  36  3:39  Pylon  
  36  3:41  Probe  
  37  3:55  Probe  
  36  3:58  Oracle  
  39  4:07  Probe  
  38  4:19  Probe  
  38  4:20  Twilight Council  
  37  4:31  Probe  
  37  4:36  Oracle  
  41  4:40  Probe  
  41  4:43  Probe  
  41  4:45  Stalker x2  
  47  4:52  Probe  
  48  4:55  Probe  
  49  5:04  Probe  
  50  5:08  Probe  
  50  5:10  Pylon  
  50  5:13  Blink (Chrono Boost)  
  48  5:16  Probe  
  48  5:20  Probe  
  49  5:27  Shield Battery  
  49  5:28  Probe  
  49  5:31  Stalker x2  
  49  5:32  Probe  
  55  5:40  Probe  
  55  5:41  Pylon  
  56  5:46  Probe  
  57  5:52  Probe (Chrono Boost)  
  56  5:58  Probe (Chrono Boost)  
  54  6:04  Probe (Chrono Boost)  
  54  6:09  Forge  
  54  6:10  Probe (Chrono Boost)  
  56  6:13  Probe (Chrono Boost)  
  56  6:15  Probe (Chrono Boost)  
  56  6:18  Stalker x2  
  62  6:19  Probe  
  62  6:24  Assimilator, Probe  
  64  6:31  Probe  
  65  6:37  Nexus, Probe  
  65  6:39  Protoss Ground Weapons Level 1 (Chrono Boost)  
  66  6:45  Probe  
  66  6:47  Sentry  
  69  6:49  Probe  
  69  6:52  Pylon  
  69  6:54  Pylon  
  70  6:57  Gateway  
  70  6:59  Gateway  
  70  7:03  Pylon  
  70  7:10  Probe  
  70  7:11  Probe  
  70  7:15  Pylon  
  72  7:16  Charge  
  72  7:22  Probe  
  73  7:23  Probe  
  73  7:25  Stalker x2  
  78  7:34  Probe  
  78  7:36  Shield Battery  
  79  7:38  Pylon  
  79  7:41  Probe  
  80  7:46  Probe  
  80  7:49  Probe  
  82  7:53  Probe  
  82  7:56  Gateway  
  83  7:58  Probe  
  83  7:59  Gateway  
  83  8:01  Probe  
  83  8:05  Probe  
  86  8:09  Stalker x3  
  86  8:10  Probe  
  86  8:11  Stalker  
  95  8:18  Pylon  
  95  8:20  Assimilator  
  95  8:23  Assimilator  
  95  8:26  Gateway  
  95  8:33  Protoss Ground Weapons Level 2 (Chrono Boost)  
  95  8:46  Probe  
  93  8:54  Stalker x3  
  93  8:55  Stalker x3  
  105  8:58  Robotics Facility  
  105  8:59  Photon Cannon  
  105  9:13  Gateway  
  103  9:30  Stalker x7  
  117  9:42  Shield Battery  
  117  9:47  Robotics Bay  
  117  9:48  Robotics Facility, Probe x2  
  119  9:55  Observer (Chrono Boost)  
  120  10:01  Stalker x6  
  120  10:03  Pylon  
  120  10:05  Pylon, Photon Cannon  
  132  10:16  Assimilator  
  132  10:23  Stalker x2  
  132  10:25  Nexus  
  133  10:29  Zealot x4  
  133  10:30  Zealot x2  
  133  10:31  Shield Battery  
  133  10:32  Disruptor (Chrono Boost)  
  133  10:34  Disruptor (Chrono Boost)  
  137  10:51  Stalker x4  
  137  10:53  Zealot  
  137  10:58  Disruptor (Chrono Boost)  
  137  10:59  Zealot x2  
  124  11:06  Zealot  
  124  11:11  Observer  
  118  11:12  Disruptor (Chrono Boost), Probe x2  
  118  11:18  Stalker x2  
  127  11:25  Disruptor (Chrono Boost)  
  130  11:34  Nexus  
  130  11:48  Observer  
  128  11:55  Stalker x7  
  142  12:03  Pylon  
  142  12:08  Nexus  
  142  12:19  Stalker x3  
  148  12:32  Stalker x4  
  156  12:41  Pylon  
  150  12:59  Zealot x7  
  143  13:20  Pylon  

Tags
 
Add a new tag
Caveats
  • Supply blocks, unpowered buildings, or Contaminate may cause inaccurate times.
  • Supply counts are checked every 10 seconds.